 Dungeon Crawl Stone Soup version 0.23.2-1-ga50397a6bc (webtiles) character file.

Game seed: 2598016743756871077

451 Revguard the Slasher (level 6, 0/51 HPs)
             Began as a Draconian Gladiator on Apr 18, 2019.
             Succumbed to a scorpion's poison
             ... on level 4 of the Dungeon.
             The game lasted 00:10:53 (3247 turns).

Revguard the Slasher (Draconian Gladiator)          Turns: 3247, Time: 00:10:53

Health: 0/51       AC:  7    Str: 17    XL:     6   Next: 75%
Magic:  6/6        EV: 20    Int:  8    God:
Gold:   169        SH:  0    Dex: 19    Spells: 5/5 levels left

rFire    + . .     SeeInvis .   a - +0 long sword
rCold    + . .     Gourm    .   (no shield)
rNeg     . . .     Faith    .   (armour unavailable)
rPois    +         Spirit   .   b - +0 hat
rElec    +         Reflect  .   (no cloak)
rCorr    +         Harm     .   l - +0 pair of gloves
MR       .....                  (no boots)
Stlth    +++.......             (no amulet)
HPRegen  0.17/turn              (no ring)
MPRegen  0.10/turn              (no ring)

@: agile, lethally poisoned (0 -> -5), resistant, hasted, very quick
A: unfitting armour, cold-blooded, AC +6
a: no special abilities


You were on level 4 of the Dungeon.
You were not hungry.

You visited 1 branch of the dungeon, and saw 4 of its levels.

You collected 169 gold pieces.

Inventory:

Hand Weapons
 a - a +0 long sword (weapon)
Missiles
 c - 4 throwing nets (quivered)
Armour
 b - a +0 hat (worn)
 l - a +0 pair of gloves (worn)
Scrolls
 e - 5 scrolls of identify {unknown}
 f - 3 scrolls of remove curse {unknown}
 g - 3 scrolls of teleportation {unknown}
 h - a scroll of fear {unknown}
 i - 2 scrolls of random uselessness {unknown}
 j - a scroll of magic mapping {unknown}
 k - 4 scrolls of blinking {unknown}
Potions
 n - a potion of agility
 p - a potion of haste
 q - a potion of resistance
Comestibles
 d - 5 rations
 m - 2 chunks of flesh


   Skills:
 + Level 3.6 Fighting
 + Level 6.2 Long Blades
 - Level 1.7 Throwing
 + Level 4.2 Dodging


You had 5 spell levels left.
You didn't know any spells.
Your spell library was empty.

Dungeon Overview and Level Annotations

Branches:
Dungeon (4/15)
 Temple: D:4-7

Altars:

Shops:
D:4 =


Innate Abilities, Weirdness & Mutations

Your plain brown scales are hard. (AC +6)
You cannot fit into any form of body armour.
You are cold-blooded and may be slowed by cold attacks.


Message History

The scorpion poisons you! The scorpion stings you.
* * * LOW HITPOINT WARNING * * *
It was a potion of haste.
You feel yourself speed up.
* * * LOW HITPOINT WARNING * * *
You feel sick. The scorpion barely misses you.
You riposte.
You closely miss the scorpion.
The scorpion is moderately wounded.
You feel protected.
You feel agile all of a sudden.
* * * LOW HITPOINT WARNING * * *
You feel sick. The scorpion misses you.
You hit the scorpion.
The scorpion is heavily wounded.
You hit the scorpion.
The scorpion is severely wounded.
* * * LOW HITPOINT WARNING * * *
You feel sick. The scorpion barely misses you.
You closely miss the scorpion.
Your tail-slap misses the scorpion.
The scorpion is severely wounded.
You die...

#.# #####.# #.#####.##
....... #.........
....... #######.##
......! #.... .......
#.... .......### #....
$........###########....
.......@................
####...s.#####....∩.....
#.....# #..........
#.....# #.......###
#.....# #.[.....#
#.$...# #.......#
#.....# #########
#######


You could see a scorpion.

Vanquished Creatures
  An ogre (D:4)
  A hound (D:4)
  4 orc wizards (D:4)
  3 worker ants (D:4)
  4 gnolls (D:3)
  3 adders
  An ooze (D:1)
  2 worms (D:3)
  2 leopard geckos
  11 orcs
  6 bats
  3 giant cockroaches
  8 goblins
  9 hobgoblins
  3 jackals (D:1)
  3 quokkas
  A ball python (D:3)
  7 frilled lizards
  8 kobolds
  3 rats
83 creatures vanquished.

Notes
Turn   | Place    | Note
-------+----------+-------------------------------------------
     0 | D:1      | Revguard the Draconian Gladiator began the quest for the
                  | Orb.
     0 | D:1      | Reached XP level 1. HP: 17/17 MP: 1/1
   108 | D:1      | Reached XP level 2. HP: 14/25 MP: 2/2
   435 | D:1      | Reached XP level 3. HP: 30/30 MP: 3/3
  1432 | D:3      | Reached skill level 4 in Long Blades
  1623 | D:3      | Reached XP level 4. HP: 33/37 MP: 4/4
  2012 | D:3      | Reached XP level 5. HP: 21/45 MP: 5/5
  2450 | D:4      | Reached skill level 5 in Long Blades
  2557 | D:4      | Reached XP level 6. HP: 34/51 MP: 6/6
  2845 | D:4      | Reached skill level 6 in Long Blades
  3198 | D:4      | Found Pumua's Jewellery Shop.
  3244 | D:4      | HP: 2/51 [poisoned by a scorpion]
  3247 | D:4      | Succumbed to a scorpion's poison

Skill      XL: |  1  2  3  4  5  6 |
---------------+-------------------+-----
Dodging        | 3 4 |  4.2
Long Blades    | 4 5 6 |  6.2
Fighting       | 3 |  3.6
Throwing       | |  1.7

Action                   |  1- 3 |  4- 6 || total
-------------------------+-------+-------++-------
Melee: Long sword        |   120 |   152 ||   272
       Tailslap          |    11 |    25 ||    36
  Use: Potion            |     2 |     5 ||     7
 Stab: Sleeping          |     1 |       ||     1
  Eat: Chunk             |     2 |     6 ||     8
Armor: Skin              |    55 |    30 ||    85
Dodge: Dodged            |   108 |    91 ||   199
       Rpst.: Long sword |    30 |    26 ||    56
